 Dungeon Crawl Stone Soup version 0.30-a0-634-g8abc85282e (webtiles) character file.

Game seed: 1903430074373052232

1781402 bakla the Trollish Barricade (level 26, 260/262 HPs)
             Began as a Troll Venom Mage on Jan 12, 2023.
             Was a High Priest of Wu Jian.
             Escaped with the Orb
             ... and 3 runes on Jan 14, 2023!
             The game lasted 03:06:38 (62310 turns).

bakla the Trollish Barricade (Troll Venom Mage)    Turns: 62310, Time: 03:06:39

Health: 260/262    AC: 11    Str: 23    XL:     26   Next: 97%
Magic:  23/28      EV: 10    Int: 19    God:    Wu Jian [*****.]
Gold:   4453       SH: 32    Dex: 13    Spells: 25/33 levels left

rFire   + + .      SeeInvis .      - Unarmed
rCold   . . .      Faith    .    W - +8 tower shield {reflect}
rNeg    + + .      Spirit   .    E - +2 robe {Archmagi}
rPois   .          Reflect  +    M - +2 hat
rElec   .          Harm     .    Q - +2 cloak {Will+}
rCorr   +          Rampage  .    (gloves unavailable)
Will    +++..      Archmagi +    (boots unavailable)
Stlth   +                        m - amulet of regeneration
HPRegen 2.23/turn                v - ring "Fuli" {rF+ rN+}
MPRegen 0.21/turn                I - ring of Odesob {rF+ rN+ rCorr Dex+3}

@: studying 3 skills
A: large, unfitting armour, claws 3, regeneration 1, shaggy fur 1, tough skin 1,
hooves 1, strong-willed 1, inability to drink after injury 1
0: Orb of Zot
}: 3/15 runes: decaying, serpentine, silver
a: Renounce Religion, Wall Jump, Serpent's Lash, Heavenly Storm


You escaped.
You worshipped Wu Jian.
Wu Jian was extremely pleased with you.
You visited 11 branches of the dungeon, and saw 51 of its levels.
You visited the Abyss 1 time.
You visited 1 bazaar.
You also visited: Trove.

You collected 7774 gold pieces.
You spent 3321 gold pieces at shops.

Inventory:

Missiles
 l - 21 curare-tipped darts
 V - 3 throwing nets
Armour
 E - a +2 robe of the Archmagi (worn)
 M - a +2 hat (worn)
 P - the +0 cloak of the Pit {rC+ Regen+ Dex+3}
   (You bought it in a shop in a bazaar)

   Dex:       It affects your dexterity (+3).
   rC:        It protects you from cold.
   Regen:     It increases your rate of health regeneration.
 Q - a +2 cloak of willpower (worn)
 W - a +8 tower shield of reflection (worn)
Magical Staves
 y - a staff of earth
Jewellery
 g - a ring of protection from cold
 m - an amulet of regeneration (around neck)
 n - a ring of flight
 t - the ring "Vadeam" {Fire Will+ Str-4 Dex+4}
   (You bought it in a shop on level 1 of the Depths)

   [ring of fire]

   It enhances your fire magic.
   Str:       It affects your strength (-4).
   Dex:       It affects your dexterity (+4).
   rF:        It protects you from fire.
   rC:        It makes you vulnerable to cold.
   Will:      It increases your willpower.
 v - the ring "Fuli" (left claw) {rF+ rN+}
   (You took it off a tengu reaver on level 3 of the Depths)

   [ring of positive energy]

   rF:        It protects you from fire.
   rN:        It protects you from negative energy.
 z - a ring of willpower
 I - the ring of Odesob (right claw) {rF+ rN+ rCorr Dex+3}
   (You found it on level 3 of the Crypt)

   [ring of positive energy]

   Dex:       It affects your dexterity (+3).
   rF:        It protects you from fire.
   rN:        It protects you from negative energy.
   rCorr:     It protects you from acid and corrosion.
 J - the ring of Free Will {Contam rN+ rCorr Stlth+}
   (You found it on level 3 of the Crypt)

   [ring of positive energy]

   rN:        It protects you from negative energy.
   Contam:    It causes magical contamination when unequipped.
   rCorr:     It protects you from acid and corrosion.
   Stlth:     It makes you more stealthy.
 N - the ring of Acehadi {rCorr Dex+3 SInv}
   (You bought it in a shop on level 2 of the Orcish Mines)

   [ring of resist corrosion]

   Dex:       It affects your dexterity (+3).
   SInv:      It lets you see invisible.
   rCorr:     It protects you from acid and corrosion.
 X - the amulet "Ithri" {Acrobat rPois rC++ Will- rCorr}
   (You took it off an orc wizard on level 5 of the Vaults)

   [amulet of the acrobat]

   It increases your evasion while moving and waiting.
   rC:        It greatly protects you from cold.
   rPois:     It protects you from poison.
   rCorr:     It protects you from acid and corrosion.
   Will:      It decreases your willpower.
Wands
 a - a wand of roots (47)
 B - a wand of digging (5)
 F - a wand of light (54)
Scrolls
 d - 5 scrolls of vulnerability
 f - 4 scrolls of summoning
 i - 5 scrolls of silence
 j - 7 scrolls of magic mapping
 q - 10 scrolls of immolation
 r - 8 scrolls of teleportation
 A - a scroll of enchant weapon
 D - 4 scrolls of noise
 K - 10 scrolls of fear
 L - 2 scrolls of enchant armour
 R - 9 scrolls of poison
 T - 3 scrolls of brand weapon
 U - 3 scrolls of fog
 Z - 5 scrolls of amnesia
Potions
 b - 2 potions of magic
 c - 7 potions of might
 e - 8 potions of cancellation
 h - 2 potions of resistance
 k - 14 potions of curing
 o - 5 potions of mutation
 p - 11 potions of flight
 s - 6 potions of brilliance
 u - 16 potions of ambrosia
 x - 9 potions of lignification
 C - 3 potions of berserk rage
 G - 4 potions of heal wounds
 O - 7 potions of attraction
 S - 3 potions of invisibility
Miscellaneous
 H - a phial of floods
 Y - a phantom mirror


   Skills:
 + Level 15.2 Fighting
 - Level 1.5 Dodging
 - Level 1.0 Stealth
 O Level 27 Shields
 - Level 26.9 Unarmed Combat
 - Level 4.0 Spellcasting
 - Level 13.8 Transmutations
 - Level 18.4 Earth Magic
 - Level 2.2 Poison Magic


You had 25 spell levels left.
You knew the following spells:

 Your Spells              Type           Power      Damage    Failure   Level
a - Statue Form           Tmut/Erth      52%        N/A       2%          6
b - Wereblood             Tmut           71%        N/A       1%          2

Your spell library contained the following spells:

 Spells                   Type           Power      Damage    Failure   Level
 Sandblast                Erth           100%       2d20      0%          1
 Beastly Appendage        Tmut           100%       N/A       1%          1
 Sting                    Tmut/Pois      100%       1d8       1%          1
 Passwall                 Tmut/Erth      65%        N/A       1%          2
 Spider Form              Tmut/Pois      51%        N/A       1%          3
 Stone Arrow              Conj/Erth      100%       3d13      1%          3
 Petrify                  Tmut/Erth      78%        N/A       1%          4
 Blade Hands              Tmut           35%        N/A       1%          5
 Lee's Rapid Deconstruct  Erth           42%        3d20*     1%          5
 Animate Armour           Summ/Erth      100%       N/A       3%          4
 Leda's Liquefaction      Hex/Erth       27%        N/A       3%          4
 Ignite Poison            Fire/Tmut/Pois 36%        N/A       4%          3
 Ice Form                 Ice/Tmut       45%        N/A       8%          4
 Borgnjor's Vile Clutch   Necr/Erth      27%        N/A       9%          5
 Poisonous Vapours        Pois/Air       22%        N/A       13%         2
 Apportation              Tloc           10%        N/A       14%         1
 Foxfire                  Conj/Fire      20%        2x1d5     14%         1
 Kiss of Death            Conj/Necr      20%        2d7       14%         1
 Magic Dart               Conj           20%        1d4       14%         1
 Necrotise                Necr           20%        1d5       14%         1
 Shock                    Conj/Air       20%        1d4       14%         1
 Slow                     Hex            20%        N/A       14%         1
 Summon Small Mammal      Summ           20%        N/A       14%         1
 Alistair's Intoxication  Tmut/Pois      34%        N/A       14%         5
 Cigotuvi's Dreadful Rot  Necr/Pois/Air  18%        N/A       16%         2
 Blink                    Tloc           10%        N/A       21%         2
 Call Imp                 Summ           5%         N/A       21%         2
 Ensorcelled Hibernation  Hex/Ice        10%        N/A       21%         2
 Momentum Strike          Conj/Tloc      10%        3d8       21%         2
 Scorch                   Fire           10%        2d5       21%         2
 Static Discharge         Conj/Air       10%        2-3/arc   21%         2
 Irradiate                Conj/Tmut      22%        3d19      22%         5
 Yara's Violent Unravell  Hex/Tmut       22%        3d10      22%         5
 Mephitic Cloud           Conj/Pois/Air  9%         N/A       30%         3
 Dragon Form              Tmut           35%        N/A       36%         7
 Call Canine Familiar     Summ           5%         N/A       38%         3
 Confusing Touch          Hex            5%         N/A       38%         3
 Dazzling Flash           Conj/Hex       10%        N/A       38%         3
 Frozen Ramparts          Ice            10%        1d2       38%         3
 Hailstorm                Conj/Ice       5%         3d4       38%         3
 Inner Flame              Hex/Fire       5%         N/A       38%         3
 Kindle Blastsparks       Fire/Tloc/Air  10%        2d10      38%         3
 Lesser Beckoning         Tloc           10%        N/A       38%         3
 Portal Projectile        Hex/Tloc       10%        N/A       38%         3
 Summon Guardian Golem    Hex/Summ       5%         N/A       38%         3
 Swiftness                Air            5%         N/A       38%         3
 Tukima's Dance           Hex            5%         N/A       38%         3
 Vampiric Draining        Necr           5%         2d6       38%         3
 Vhi's Electric Charge    Tloc/Air       10%        N/A       38%         3
 Olgreb's Toxic Radiance  Pois           18%        N/A       50%         4
 Eringya's Noxious Bog    Tmut/Pois      25%        N/A       61%         6
 Airstrike                Air            2%         2d(1-17)  80%         4
 Anguish                  Hex/Necr       2%         N/A       80%         4
 Animate Dead             Necr           5%         N/A       80%         4
 Dispel Undead            Necr           5%         3d7       80%         4
 Flame Wave               Conj/Fire      5%         2d5       80%         4
 Passage of Golubria      Tloc           5%         N/A       80%         4
 Summon Ice Beast         Ice/Summ       5%         N/A       80%         4
 Summon Lightning Spire   Summ/Air       5%         N/A       80%         4
 Agony                    Necr           5%         N/A       98%         5
 Arcjolt                  Conj/Air       2%         1d12      98%         5
 Fireball                 Conj/Fire      2%         3d4       98%         5
 Freezing Cloud           Conj/Ice/Air   2%         6-21      98%         5
 Lightning Bolt           Conj/Air       2%         1d14      98%         5
 Metabolic Englaciation   Hex/Ice        2%         N/A       98%         5
 Silence                  Hex/Air        2%         N/A       98%         5
 Conjure Ball Lightning   Conj/Air       2%         3x3d6     100%        6
 Death Channel            Necr           2%         N/A       100%        6
 Simulacrum               Ice/Necr       2%         N/A       100%        6
 Starburst                Conj/Fire      2%         6d3       100%        6
 Summon Cactus Giant      Summ           2%         N/A       100%        6
 Haunt                    Necr/Summ      2%         N/A       100%        7
 Monstrous Menagerie      Summ           2%         N/A       100%        7
 Orb of Destruction       Conj           2%         9d5       100%        7
 Ozocubu's Refrigeration  Ice            2%         4d8       100%        7
 Spellforged Servitor     Conj/Summ      2%         N/A       100%        7
 Storm Form               Tmut/Air       22%        N/A       100%        7
 Ignition                 Fire           2%         3d3       100%        8
 Infestation              Necr           2%         N/A       100%        8
 Lehudib's Crystal Spear  Conj/Erth      27%        10d7      100%        8
 Maxwell's Capacitive Co  Air            2%         ∞         100%        8
 Death's Door             Necr           2%         N/A       100%        9
 Dragon's Call            Summ           2%         N/A       100%        9
 Fire Storm               Conj/Fire      2%         8d1       100%        9
 Polar Vortex             Ice            2%         N/A       100%        9


Dungeon Overview and Level Annotations

Branches:
Dungeon (15/15)            Temple (1/1) D:4            Lair (5/5) D:8
  Swamp (4/4) Lair:2        Snake (4/4) Lair:3        Slime (0/5) Lair:5
    Orc (2/2) D:10            Elf (3/3) Orc:2        Vaults (5/5) D:14
  Crypt (3/3) Vaults:3       Tomb (0/3) Crypt:3      Depths (4/4) D:15
    Zot (5/5) Depths:4

Altars:
Ashenzari
Cheibriados
Dithmenos
Elyvilon
Fedhas
Gozag
Hepliaklqana
Kikubaaqudgha
Makhleb
Nemelex Xobeh
Okawaru
Qazlal
Ru
Sif Muna
Trog
Uskayaw
Vehumet
Wu Jian
Xom
Yredelemnul
Zin
The Shining One
Jiyva

Shops:
D:13 (   Orc:2 (*!(((   Elf:2 ?   Depths:1 (=:=   Depths:3 *   Depths:4 [

Portals:
Hell: Depths:1 Depths:2 Depths:3 Depths:4
Abyss: Depths:2 Depths:3
Pandemonium: Depths:2 Depths:3
Ziggurat: Depths:1

Annotations:
D:4 2 exclusions
D:11 3 runed translucent doors, sirJeffrey23's ghost, journeyman OgMo
Orc:2 2 transporters, 100Percenter's ghost, journeyman SpHs
Elf:2 3 runed translucent doors
Depths:2 1 runed translucent door
Zot:1 1 runed translucent door, ragingrage's ghost, legendary DjAE


Innate Abilities, Weirdness & Mutations

You are too large for most types of armour.
You have claws for hands.
Your natural rate of healing is unusually fast.
You are covered in fur. (AC +1)
You have tough skin. (AC +1)
You have large cloven feet.
You are strong-willed. (Will+)
You occasionally lose the ability to drink potions when taking damage.


Message History

You feel powerful.
There is a stone staircase leading up here.
You climb upwards.
Level annotation: 2 exclusions
There is a stone staircase leading down here.
HP restored.
A hellwing comes into view.
The hellwing gives a chilling moan.
You see here a +0 flail.
You lunge at the hellwing, in a flurry of attacks.
You mangle the hellwing!! Your kick misses the hellwing.
The hellwing is heavily wounded.
You eviscerate the hellwing!!!
You kill the hellwing!
The Council accepts your kill.
(D) Dungeon (T) Temple (L) Lair (S) Swamp (P) Snake Pit (M) Slime Pits (O) Orcish Mines (E) Elven Halls (V) Vaults (C) Crypt (W) Tomb (U) Depths (H) Hell (Z) Zot
Where to? (Enter - D:1, ? - help)
What level of the Dungeon? (default 1, ? - help)
You see here a +0 falchion.
There is a stone staircase leading up here.
You climb upwards.
There is a stone staircase leading down here.
You see here a quokka skeleton.
There is a stone staircase leading up here.
You climb upwards.
There is a stone staircase leading down here.
There is a stone staircase leading up here.
You climb upwards.
There is a stone staircase leading down here.
An efreet comes into view.
It is wielding a +1 scimitar of flaming.
There is an open door here.
You open the door.
There is an open door here.
There is a staircase leading out of the dungeon here.
The efreet gestures at you. The bolt of fire hits you. You resist.
You have escaped!

............##...................
.##.........##..........#...##..#
.##.........####.................
.##.....###.####........#.......#
........'........................
.###....###.............#.......#
.#..........#########............
..÷...##...##.......##..........#
.#.#########....@....######......
.#.####...................##.....
.....#...⌠....##'##....⌠...#.....
.....#........#...#........#.....
.....#........'8.8+........#....[
.....###########R############....
...#............○................
...##...#####..○...###...........
...##...#####.○....# #........#.#


You could see an efreet.

Vanquished Creatures
  5 dread liches
  14 orbs of fire
  6 ancient liches
  4 pandemonium lords
  Frederick (Crypt:2)
  A Killer Klown (Zot:5)
  Vashnia (Snake:3)
  A caustic shrike (Depths:3)
  7 curse toes
  13 golden dragons
  Nikola (Swamp:3)
  A profane servitor (Crypt:3)
  The ghost of Dugafar the Warrior, an adept GrFi of Cheibriados (Crypt:3)
  22 tentacled monstrosities
  3 electric golems
  2 bone dragons
  Jorgrun (D:15)
  An Ice Fiend (D:5)
  7 liches
  A walking earthen tome (Depths:3)
  26 Orb Guardians
  Asterion (Elf:3)
  A titan (Vaults:5)
  2 deep elf master archers (Elf:3)
  4 quicksilver dragons
  3 deep elf blademasters (Elf:3)
  9 ancient champions
  Frances (Snake:1)
  An Executioner (Zot:5)
  A tentacled starspawn (Abyss:2)
  11 death cobs
  3 sphinxes
  Kirke (D:15)
  Roxanne (Snake:3)
  15 storm dragons
  15 shadow dragons
  7 tengu reavers
  4 nagarajas
  10 fire giants
  A thorn hunter (Swamp:4)
  7 draconian monks
  2 revenants (Crypt:3)
  4 draconian knights
  Donald (Swamp:1)
  10 frost giants
  18 deep elf sorcerers
  14 vault wardens
  9 draconian shifters
  Louise (Snake:3)
  An iron dragon (Vaults:5)
  Aizul (Swamp:3)
  A juggernaut zombie (Crypt:3)
  2 ghost moths
  A curse skull (Crypt:3)
  7 draconian scorchers
  5 orc warlords
  7 draconian stormcallers
  4 deep elf elementalists
  2 draconian annihilators
  3 caustic shrike skeletons (Crypt:3)
  3 ghouls
  A caustic shrike zombie (Crypt:1)
  An angel (Depths:2)
  24 very ugly things
  3 cacodemons (Depths:1)
  2 spriggan defenders (Depths:2)
  6 war gargoyles
  18 ironbound preservers
  13 stone giants
  3 ironbound thunderhulks
  10 vampire knights
  5 green draconians
  15 purple draconians
  8 yellow draconians
  10 black draconians
  2 demonspawn black suns (Zot:1)
  8 white draconians
  5 deep elf demonologists
  7 eleionomae
  Azrael (D:12)
  8 red draconians
  8 deep elf annihilators
  3 bunyips
  14 spark wasps
  7 eidola
  9 dire elephants
  A blizzard demon (D:5)
  2 crystal guardians
  A green death (Depths:1)
  7 deep elf death magi
  8 ettins
  19 jiangshi
  5 fire dragons
  A shambling mangrove (Swamp:3)
  9 deep elf high priests
  A fire dragon (shapeshifter) (Vaults:5)
  Josephine (D:11)
  An entropy weaver (Vaults:1)
  11 yaktaur captains
  7 great orbs of eyes
  11 hydras
  A spriggan zombie (Crypt:3)
  Fannar (D:12)
  3 peacekeepers
  3 hell beasts
  A hydra (shapeshifter) (Vaults:5)
  3 ice dragons
  2 ghost crabs (Swamp:4)
  40 vault guards
  3 ogre magi
  A rakshasa (Depths:1)
  3 spriggan air magi
  10 centaur warriors
  7 ironbound frosthearts
  An anaconda (shapeshifter) (Vaults:5)
  5 catoblepae
  7 tengu warriors
  3 death knights
  21 dancing weapons
  13 two-headed ogres
  13 alligators
  7 anacondas
  11 naga warriors
  9 deep troll shamans
  7 boulder beetles
  5 hell hogs
  An emperor scorpion zombie (Crypt:3)
  7 death yaks
  6 deep troll earth magi
  16 naga sharpshooters
  7 hell knights (Depths:4)
  13 vampire magi
  An orc high priest (Orc:1)
  2 titan zombies (Crypt:1)
  4 soul eaters
  4 wretched stars (Abyss:2)
  5 thrashing horrors (Abyss:2)
  10 deep elf knights
  6 sun demons
  4 shock serpents
  43 skeletal warriors
  2 fire crabs (Abyss:2)
  5 shadow wraiths
  2 salamander mystics
  3 sixfirhies
  A titan skeleton (Crypt:1)
  10 iron trolls
  A death drake (Swamp:4)
  A goliath frog (Swamp:2)
  3 glowing orange brains
  8 sea snakes (Snake:4)
  4 flayed ghosts
  2 naga ritualists (Snake:4)
  59 deep trolls
  2 obsidian statues
  9 deep elf archers
  6 spriggan druids
  11 bog bodies
  3 shadow demons
  4 spectral hydras (Swamp:4)
  21 ironbound convokers
  6 swamp dragons
  10 phantasmal warriors
  3 lindwurms
  9 wizards
  8 harpies
  21 deep elf pyromancers
  26 deep elf zephyrmancers
  A wolf spider (D:15)
  11 orc knights
  An anaconda skeleton (Crypt:3)
  11 salamanders
  3 necromancers
  A mana viper (shapeshifter) (D:14)
  36 ugly things
  6 mana vipers (Snake:4)
  3 manticores
  A shining eye (Depths:1)
  3 cyclopes (D:14)
  A salamander (shapeshifter) (D:13)
  21 moths of wrath
  A cyclops (shapeshifter) (Depths:4)
  3 orc sorcerers
  3 will-o-the-wisps
  A shadow dragon skeleton (Crypt:3)
  37 slime creatures
  11 elephants
  A worldbinder (Abyss:2)
  A sphinx skeleton (Crypt:2)
  An elephant (shapeshifter) (Abyss:2)
  6 guardian serpents (Snake:4)
  19 black mambas
  A dire elephant zombie (Crypt:3)
  18 naga magi
  5 smoke demons
  14 vault sentinels
  A stone giant skeleton (Crypt:3)
  2 orange demons
  An alligator snapping turtle zombie (Crypt:3)
  A demonic crawler (Abyss:2)
  5 gargoyles
  A torpor snail (Lair:3)
  2 centaur skeletons (Crypt:3)
  Maggie (D:6)
  15 cane toads
  34 yaktaurs
  A dire elephant skeleton (Crypt:3)
  2 unseen horrors
  2 hellions
  2 swamp worm zombies
  4 komodo dragons
  2 naga skeletons
  5 freezing wraiths
  4 tengu conjurers
  2 efreet (Abyss:2)
  A sea snake skeleton (Crypt:1)
  4 ancient zymes (Abyss:2)
  A tormentor (Depths:4)
  2 bloated husks
  A black draconian skeleton (Crypt:2)
  2 red devils (Depths:1)
  6 trolls
  A queen bee (D:12)
  3 hydra zombies
  2 ice devils
  A shadow dragon simulacrum (Crypt:3)
  A harpy zombie (Crypt:3)
  6 meliai
  4 tyrant leeches
  Grinder (D:4)
  2 polar bears
  A meliai (shapeshifter) (D:15)
  2 spectral swamp dragons (Swamp:4)
  A blink frog (shapeshifter) (D:15)
  2 tarantellas (Lair:3)
  17 hornets
  A tarantella zombie (Crypt:2)
  Prince Ribbit (Lair:3)
  A hydra skeleton (Crypt:2)
  A hellwing (D:4)
  2 dream sheep (shapeshifter)
  An ice dragon zombie (Crypt:3)
  A harpy skeleton (Crypt:1)
  27 blink frogs
  A jumping spider zombie (Crypt:1)
  3 dream sheep (Lair:5)
  A raiju (shapeshifter) (Vaults:5)
  5 alligator zombies (Swamp:4)
  3 slime creatures (shapeshifter)
  A meliai zombie (Crypt:2)
  A jumping spider (Lair:3)
  6 air elementals
  17 flying skulls
  2 vampires (Crypt:3)
  2 spriggans (shapeshifter)
  A shadow (D:12)
  4 water elementals (Elf:3)
  2 wyverns
  4 ynoxinuls
  6 wraiths
  39 yaks
  20 spriggans
  6 fire elementals
  3 basilisks
  4 chaos spawn
  4 hogs (D:15)
  3 redbacks (Vaults:5)
  A steam dragon (D:10)
  A neqoxec (Abyss:2)
  13 vampire mosquitoes
  19 swamp worms
  Menkaure (D:4)
  5 large abominations (Abyss:2)
  2 naga zombies
  3 wargs
  36 nagas
  An acid dragon (D:10)
  3 hell hounds (D:12)
  A fire bat skeleton (Crypt:2)
  A faun zombie (Crypt:3)
  A deep troll skeleton (Crypt:2)
  11 water moccasins
  A floating eye (Depths:1)
  4 swamp dragon zombies (Swamp:4)
  37 orc warriors
  7 black bears
  4 swamp drakes (Swamp:4)
  4 ice beasts
  A lindwurm zombie (Crypt:1)
  14 ogres
  6 wolves
  20 centaurs
  13 boggarts
  7 phantoms
  A swamp dragon skeleton (Crypt:1)
  2 kobold brigands
  10 bullfrogs
  5 small abominations (Abyss:2)
  A spectral water moccasin (D:6)
  A salamander skeleton (Crypt:3)
  3 necrophages
  2 gnoll sergeants (D:10)
  3 scorpions
  A yaktaur skeleton (Crypt:3)
  4 earth elementals
  An elf skeleton (Crypt:3)
  A cyclops skeleton (Crypt:3)
  18 wights
  A polar bear zombie (Crypt:2)
  37 killer bees
  3 howler monkeys
  6 electric eels (Lair:2)
  2 lava snakes (Lair:3)
  A quasit (Abyss:2)
  A bullfrog zombie (D:6)
  4 jellies
  3 hounds
  Crazy Yiuf (D:4)
  A gnoll bouda (D:7)
  13 orc priests
  9 starcursed masses (Abyss:2)
  2 bullfrog skeletons
  A human zombie (Crypt:2)
  An iron imp (Depths:4)
  Jessica (D:3)
  26 orc wizards
  Ijyb (D:3)
  3 iguanas
  A spectral swamp drake (Swamp:4)
  A hell rat (Lair:5)
  A bullfrog simulacrum (D:6)
  A deep dwarf skeleton (Crypt:3)
  A howler monkey zombie (Crypt:1)
  10 gnolls
  A swamp drake zombie (Swamp:4)
  4 adders (D:5)
  2 shadow imps (D:6)
  3 white imps
  6 ufetubi
  An iguana skeleton (Crypt:3)
  3 worms
  4 dart slugs
  80 orcs
  3 ball pythons
  6 endoplasms
  3 goblins
  6 hobgoblins
  7 jackals
  4 quokkas
  8 bats
  4 frilled lizards
  A frilled lizard zombie (Crypt:3)
  12 kobolds
  An orc skeleton (Crypt:2)
  3 rats
2244 creatures vanquished.

Vanquished Creatures (collateral kills)
  A hydra (Swamp:2)
  A swamp worm (Swamp:2)
2 creatures vanquished.

Vanquished Creatures (others)
  A stone giant (Vaults:5)
  A wizard (D:14)
  A deep elf zephyrmancer (Elf:1)
  A deep elf pyromancer (Elf:2)
  2 naga magi (Snake:2)
  4 bloated husks
  2 humans (D:15)
  A water elemental (D:10)
  A swamp dragon zombie (Swamp:4)
  A small abomination (Abyss:2)
  A boggart (Vaults:2)
  An ogre (D:15)
  2 centaurs (D:14)
  An orc priest (Orc:1)
  An orc wizard (D:12)
  An ufetubus (Abyss:2)
  2 orcs
  4 demonic plants
  16 foxfires
  37 fungi
  59 plants
  19 withered plants
159 creatures vanquished.

Grand Total: 2405 creatures vanquished

Notes
Turn   | Place    | Note
-------+----------+-------------------------------------------
     0 | D:1      | bakla the Troll Venom Mage began the quest for the Orb.
     0 | D:1      | Reached XP level 1. HP: 16/16 MP: 1/1
    87 | D:1      | Reached skill level 1 in Unarmed Combat
   101 | D:1      | Reached XP level 2. HP: 26/26 MP: 2/2
   404 | D:1      | Reached skill level 1 in Fighting
   492 | D:1      | Reached XP level 3. HP: 33/33 MP: 3/3
   862 | D:2      | Found a faded altar of an unknown god.
  1357 | D:3      | Noticed Jessica
  1387 | D:3      | Killed Jessica
  1388 | D:3      | Reached XP level 4. HP: 41/41 MP: 4/4
  1823 | D:3      | Found a shimmering altar of Xom.
  2010 | D:3      | Found a glowing golden altar of the Shining One.
  2191 | D:4      | Noticed Grinder
  2210 | D:4      | Paralysed by Grinder for 4 turns
  2292 | D:4      | Found a staircase to the Ecumenical Temple.
  2300 | D:4      | Noticed Ijyb
  2355 | D:3      | Killed Ijyb
  2388 | Temple   | Entered the Ecumenical Temple
  2608 | D:4      | Reached XP level 5. HP: 49/49 MP: 5/5
  2708 | D:4      | Found an ornate altar of the Wu Jian Council.
  2718 | D:4      | Noticed Menkaure
  2719 | D:4      | Became a worshipper of the Wu Jian Council
  3136 | D:5      | Entered Level 5 of the Dungeon
  3136 | D:5      | Noticed an ogre
  3136 | D:5      | Found a shadowy altar of Dithmenos.
  3144 | D:5      | Killed an ogre
  3161 | D:5      | Noticed an ogre
  3165 | D:5      | Killed an ogre
  3166 | D:5      | Reached skill level 5 in Unarmed Combat
  3166 | D:5      | Reached XP level 6. HP: 59/59 MP: 6/6
  3478 | D:5      | Reached XP level 7. HP: 67/67 MP: 7/7
  4206 | D:6      | Reached XP level 8. HP: 78/78 MP: 8/8
  4256 | D:6      | Reached * piety under Wu Jian
  4359 | D:6      | Found the +4 dagger "Morg" {pain, Will+ Int+5}
  4405 | D:6      | Reached skill level 5 in Fighting
  4606 | D:6      | Reached XP level 9. HP: 88/88 MP: 9/9
  4665 | D:6      | Noticed Maggie
  4675 | D:6      | Killed Maggie
  4676 | D:6      | Reached skill level 10 in Unarmed Combat
  4752 | D:6      | Reached ** piety under Wu Jian
  5482 | D:4      | Killed Menkaure
  5648 | D:4      | Paralysed by Grinder for 2 turns
  5660 | D:4      | Killed Grinder
  5838 | D:4      | Found a sacrificial altar of Ru.
  5928 | D:4      | Found a runed translucent door.
  5929 | D:4      | Noticed Crazy Yiuf
  5933 | D:4      | Killed Crazy Yiuf
  6224 | D:7      | Reached XP level 10. HP: 100/100 MP: 10/10
  6345 | D:7      | Reached *** piety under Wu Jian
  6347 | D:7      | Found a sparkling altar of Nemelex Xobeh.
  6364 | D:7      | Found an iron altar of Okawaru.
  6580 | D:7      | Identified 2 scrolls of acquirement
  6580 | D:7      | Acquired a +0 kite shield of cold resistance
  6686 | D:8      | Reached skill level 1 in Shields
  6902 | D:8      | Noticed a two-headed ogre
  6908 | D:8      | Killed a two-headed ogre
  6909 | D:8      | Reached skill level 2 in Shields
  7221 | D:8      | Found a staircase to the Lair.
  7474 | D:9      | Reached **** piety under Wu Jian
  7503 | D:9      | Reached skill level 3 in Shields
  7506 | D:9      | Found a stormy altar of Qazlal.
  7908 | D:9      | Reached XP level 11. HP: 97/111 MP: 11/11
  7992 | D:10     | Entered Level 10 of the Dungeon
  8055 | D:10     | Acquired a manual of Earth Magic
  8125 | D:10     | Found a bloodstained altar of Trog.
  8142 | D:10     | Found a staircase to the Orcish Mines.
  8150 | D:10     | Noticed a two-headed ogre
  8196 | D:10     | Killed a two-headed ogre
  8197 | D:10     | Reached skill level 4 in Shields
  8489 | D:10     | Found a hazy altar of Hepliaklqana.
  8723 | D:10     | Found a large runed translucent door.
  8724 | D:10     | Found a large runed translucent door.
  8726 | D:10     | Found a blossoming altar of Fedhas.
  8995 | D:10     | Paralysed by an air elemental for 1 turns
  8998 | D:10     | Paralysed by an air elemental for 1 turns
  9116 | Lair:1   | Entered Level 1 of the Lair of Beasts
  9131 | Lair:1   | You fall into a shaft and drop 1 floor!
  9196 | Lair:2   | Found a staircase to the Swamp.
  9390 | Lair:2   | Reached skill level 5 in Shields
  9517 | Lair:2   | Noticed a catoblepas
  9935 | Lair:2   | Killed a catoblepas
 10026 | Lair:2   | Reached XP level 12. HP: 116/123 MP: 12/12
 10142 | Lair:2   | Reached skill level 6 in Shields
 10142 | Lair:2   | Reached skill level 15 in Unarmed Combat
 10729 | Lair:3   | Noticed a death yak
 10742 | Lair:3   | Killed a death yak
 10743 | Lair:3   | Noticed a death yak
 10744 | Lair:3   | Noticed a death yak
 10745 | Lair:3   | Noticed a death yak
 10753 | Lair:3   | Found a staircase to the Snake Pit.
 10789 | Lair:3   | Killed a death yak
 10802 | Lair:3   | Killed a death yak
 10937 | Lair:3   | Noticed a seven-headed hydra
 10983 | Lair:3   | Found a runed translucent door.
 11115 | Lair:3   | Killed a death yak
 11127 | Lair:3   | Killed a nine-headed hydra
 11128 | Lair:3   | Reached skill level 7 in Shields
 11294 | Lair:3   | Noticed a boulder beetle
 11305 | Lair:3   | Killed a boulder beetle
 11305 | Lair:3   | Reached ***** piety under Wu Jian
 11566 | Lair:3   | Reached skill level 10 in Fighting
 11586 | Lair:3   | Noticed Prince Ribbit
 11596 | Lair:3   | Killed Prince Ribbit
 11719 | Lair:3   | Found a runed translucent gate.
 11719 | Lair:3   | Noticed a boulder beetle
 11719 | Lair:3   | Noticed a boulder beetle
 11721 | Lair:3   | Found a runed translucent gate.
 11722 | Lair:3   | Found a runed translucent gate.
 11722 | Lair:3   | Found a runed translucent gate.
 11722 | Lair:3   | Found a runed translucent gate.
 11729 | Lair:3   | Found a runed translucent gate.
 11729 | Lair:3   | Noticed a boulder beetle
 11754 | Lair:3   | Killed a boulder beetle
 11764 | Lair:3   | Killed a boulder beetle
 11765 | Lair:3   | Reached XP level 13. HP: 114/133 MP: 13/13
 12190 | Lair:1   | Reached skill level 8 in Shields
 12537 | Lair:1   | Found an iron altar of Okawaru.
 13521 | Lair:5   | Entered Level 5 of the Lair of Beasts
 13735 | Lair:5   | Reached skill level 9 in Shields
 13827 | Lair:5   | Noticed a dire elephant
 13993 | Lair:5   | Found a staircase to the Slime Pits.
 14597 | Lair:5   | Killed a dire elephant
 14770 | Lair:5   | Reached XP level 14. HP: 108/143 MP: 12/14
 14951 | Lair:5   | Identified the +9 shortbow of Zyasmown {freeze, rElec
                  | Dex+4}
 15025 | Lair:5   | Upgraded the game from 0.30-a0-626-gd6a5dd7a1f to
                  | 0.30-a0-629-gd54f4be4f7
 15393 | D:11     | Reached skill level 10 in Shields
 15579 | D:11     | Found a runed translucent gate.
 15579 | D:11     | Found a runed translucent gate.
 15579 | D:11     | Found a runed translucent gate.
 15582 | D:11     | Noticed sirJeffrey23's ghost (journeyman OgMo)
 15663 | D:11     | Noticed Josephine
 15677 | D:11     | Killed Josephine
 15893 | D:11     | Found a viscous altar of Jiyva.
 16016 | D:12     | Noticed Fannar
 16048 | D:12     | Killed Fannar
 16177 | D:12     | Noticed Azrael
 16208 | D:12     | Killed Azrael
 17231 | D:13     | Reached skill level 11 in Shields
 17595 | D:13     | Found Vocama's Antique Weapon Shoppe.
 18168 | D:13     | Found a portal to a secret trove of treasure.
 18252 | Orc:1    | Entered Level 1 of the Orcish Mines
 18333 | Orc:1    | Reached skill level 12 in Shields
 18343 | Orc:1    | Paralysed by something for 3 turns
 18558 | Orc:2    | Entered Level 2 of the Orcish Mines
 18560 | Orc:2    | Reached XP level 15. HP: 149/149 MP: 15/15
 18563 | Orc:2    | Found Urithi's Weapon Shop.
 18616 | Orc:2    | Found Coumiq's Antique Weapon Shoppe.
 18631 | Orc:2    | Found a staircase to the Elven Halls.
 19065 | Orc:2    | Noticed 100Percenter's ghost (journeyman SpHs)
 19077 | Orc:2    | Found a transporter.
 19140 | Orc:2    | Found a transporter.
 19273 | Orc:2    | Reached skill level 13 in Shields
 19342 | Orc:2    | Found Ekuhow's Antique Weapon Boutique.
 19342 | Orc:2    | Found Qefruude's Distillery.
 19344 | Orc:2    | Found Rogaimp's Assorted Antiques.
 19346 | Orc:2    | Found Cubafor's Antique Weapon Shop.
 19363 | Orc:2    | Bought a fine steel ring for 115 gold pieces
 19363 | Orc:2    | Identified the ring of Acehadi {rCorr Dex+3 SInv} (You
                  | bought it in a shop on level 2 of the Orcish Mines)
 19370 | Orc:2    | Bought a potion of mutation for 144 gold pieces
 19370 | Orc:2    | Bought a potion of heal wounds for 90 gold pieces
 19370 | Orc:2    | Bought 2 potions of mutation for 288 gold pieces
 19370 | Orc:2    | Bought a potion of curing for 54 gold pieces
 19370 | Orc:2    | Bought a potion of might for 72 gold pieces
 19370 | Orc:2    | Bought a potion of invisibility for 144 gold pieces
 19493 | Orc:1    | Reached skill level 1 in Transmutations
 19493 | Orc:1    | Reached skill level 1 in Earth Magic
 20083 | D:14     | Identified the +12 arbalest "Wakufues" {flame, rCorr Int+8
                  | Dex-5}
 20817 | D:14     | Reached skill level 5 in Earth Magic
 20902 | D:14     | Found a gate to the Vaults.
 21168 | D:15     | Entered Level 15 of the Dungeon
 21274 | D:15     | Noticed Kirke
 21294 | D:15     | Killed Kirke
 21666 | D:15     | Noticed Jorgrun
 21673 | D:15     | Killed Jorgrun
 21768 | D:15     | Found a staircase to the Depths.
 22225 | D:15     | Reached XP level 16. HP: 85/158 MP: 11/21
 22298 | D:15     | Learned a level 6 spell: Statue Form
 22531 | Swamp:1  | Entered Level 1 of the Swamp
 22549 | Swamp:1  | Reached skill level 5 in Transmutations
 22660 | Swamp:1  | Noticed Donald
 22717 | Swamp:1  | Killed Donald
 23353 | Swamp:2  | Reached skill level 10 in Earth Magic
 24374 | Swamp:3  | Noticed Nikola
 24400 | Swamp:3  | Killed Nikola
 24547 | Swamp:3  | Reached ****** piety under Wu Jian
 25128 | Swamp:4  | Entered Level 4 of the Swamp
 25149 | Swamp:4  | Noticed Aizul
 25171 | Swamp:3  | HP: 7/158 [poisoned by Aizul (poison arrow)]
 25298 | Swamp:3  | Killed Aizul
 25501 | Swamp:4  | Noticed a tentacled monstrosity
 25519 | Swamp:4  | Killed a tentacled monstrosity
 25679 | Swamp:4  | Reached XP level 17. HP: 151/166 MP: 20/22
 25968 | Swamp:4  | Upgraded the game from 0.30-a0-629-gd54f4be4f7 to
                  | 0.30-a0-632-g346586fe48
 27334 | Swamp:4  | Noticed a bone dragon
 27352 | Swamp:4  | Killed a bone dragon
 27412 | Swamp:4  | Got a decaying rune of Zot
 27831 | Elf:1    | Entered Level 1 of the Elven Halls
 27882 | Elf:1    | Paralysed by an air elemental for 1 turns
 27894 | Elf:1    | Found a radiant altar of Vehumet.
 28132 | Elf:1    | Paralysed by an air elemental for 1 turns
 28583 | Snake:1  | Entered Level 1 of the Snake Pit
 28772 | Snake:1  | Noticed Frances
 28789 | Snake:1  | Killed Frances
 30511 | Snake:3  | Identified Roxanne's Compilation of Variation
 30511 | Snake:3  | Noticed Roxanne
 30536 | Snake:3  | Noticed Louise
 30543 | Snake:3  | Killed Louise
 30544 | Snake:3  | Reached skill level 10 in Transmutations
 30914 | Snake:3  | Noticed Vashnia
 30928 | Snake:3  | Killed Vashnia
 30929 | Snake:3  | Reached skill level 15 in Earth Magic
 32018 | Snake:3  | Killed Roxanne
 32026 | Snake:3  | Learned a level 2 spell: Wereblood
 32081 | Snake:4  | Entered Level 4 of the Snake Pit
 32222 | Snake:4  | Reached XP level 18. HP: 174/174 MP: 21/23
 33175 | Snake:4  | Got a serpentine rune of Zot
 35181 | Elf:2    | Paralysed by an air elemental for 1 turns
 35322 | Elf:2    | Got the Compendium of Attendants
 35410 | Elf:2    | Found Xiwe's Magic Scroll Boutique.
 35601 | Elf:2    | Paralysed by an air elemental for 1 turns
 35604 | Elf:2    | Paralysed by an air elemental for 1 turns
 35754 | Elf:2    | Found a runed translucent gate.
 35754 | Elf:2    | Found a runed translucent gate.
 35788 | Elf:2    | Found a runed translucent gate.
 36158 | Elf:3    | Entered Level 3 of the Elven Halls
 36369 | Elf:3    | Noticed an Ice Fiend
 36373 | Abyss:2  | Cast into level 2 of the Abyss (a deep elf sorcerer)
 36386 | Abyss:2  | Found a corrupted altar of Lugonu.
 36473 | Abyss:2  | Found a corrupted altar of Lugonu.
 36473 | Abyss:2  | Found a corrupted altar of Lugonu.
 36533 | Abyss:2  | Reached XP level 19. HP: 167/182 MP: 8/24
 36629 | Abyss:2  | Found a corrupted altar of Lugonu.
 36740 | Elf:3    | Escaped the Abyss
 37103 | Elf:3    | Identified the +7 broad axe "Unygire" {venom, rPois Int+4
                  | Stlth+}
 37277 | Elf:3    | Got Kahehew's Secrets of the Inferno and Stolen Souls
 37283 | Elf:3    | Identified the +0 pair of boots of the Hart {rN+ MP+9}
 37574 | Elf:3    | Identified the +4 scale mail "Vununige" {Int-3 Dex+5 SInv
                  | Stlth+}
 37759 | Elf:3    | Noticed Asterion
 37766 | Elf:3    | Killed Asterion
 38383 | D:13     | You paid a toll of a +5 demon blade to enter a treasure
                  | trove
 38384 | Trove    | Entered a treasure trove
 38399 | Trove    | Got Unienn's Secrets of Entrancing Toxicity
 38406 | Trove    | Got Datheu's Quarto of Haze and the Fair Folk
 38415 | Trove    | Got Sif Muna's Handbook of Intoxication
 38426 | Trove    | Got Sif Muna's Spellbook of the Mantle and the Gestalt
 38549 | D:14     | Upgraded the game from 0.30-a0-632-g346586fe48 to
                  | 0.30-a0-634-g8abc85282e
 38551 | Vaults:1 | Entered Level 1 of the Vaults
 38894 | Vaults:1 | Reached XP level 20. HP: 191/191 MP: 15/25
 39874 | Vaults:1 | Identified the +2 leather armour of the Land of Plenty
                  | {Harm rCorr MP+9 SInv}
 40617 | Elf:2    | Bought a scroll of teleportation for 63 gold pieces
 40617 | Elf:2    | Bought a scroll of enchant armour for 157 gold pieces
 40617 | Elf:2    | Bought a scroll of teleportation for 63 gold pieces
 43235 | Vaults:3 | Found a staircase to the Crypt.
 43351 | Vaults:3 | Reached XP level 21. HP: 198/198 MP: 21/26
 44506 | Vaults:4 | Identified the +2 arbalest "Taluuress" {antimagic, rElec
                  | rPois rF+}
 45089 | Vaults:5 | Entered Level 5 of the Vaults
 45095 | Vaults:5 | Noticed an ancient lich
 45097 | Vaults:5 | Identified the +3 morningstar of the Gloaming {freeze, rN++
                  | Will+ Str+3}
 45101 | Vaults:5 | Killed an ancient lich
 45122 | Vaults:5 | Noticed an ancient lich
 45124 | Vaults:5 | Killed an ancient lich
 45177 | Vaults:5 | Noticed a dread lich
 45180 | Vaults:5 | Killed a dread lich
 45202 | Vaults:5 | Reached XP level 22. HP: 206/206 MP: 27/27
 45206 | Vaults:5 | Noticed an ancient lich
 45209 | Vaults:5 | Killed an ancient lich
 45216 | Vaults:5 | Noticed an ancient lich
 45223 | Vaults:5 | Killed an ancient lich
 45227 | Vaults:5 | Noticed a golden dragon
 45232 | Vaults:5 | Killed a golden dragon
 45241 | Vaults:5 | Noticed a dread lich
 45245 | Vaults:5 | Killed a dread lich
 45359 | Vaults:5 | Got a silver rune of Zot
 45630 | Vaults:5 | Noticed an ancient lich
 45633 | Vaults:5 | Killed an ancient lich
 45633 | Vaults:5 | Reached skill level 14 in Shields
 45765 | Vaults:5 | Got the Almanac of the Shot
 45953 | Vaults:5 | Identified the +10 morningstar "Baenush" {venom, rPois
                  | Str+3}
 45960 | Vaults:5 | Identified the amulet "Ithri" {Acrobat rPois rC++ Will-
                  | rCorr}
 45965 | Vaults:5 | Noticed a golden dragon
 45972 | Vaults:5 | Killed a golden dragon
 46185 | Vaults:5 | Noticed a golden dragon
 46187 | Vaults:5 | Killed a golden dragon
 46423 | Vaults:5 | Reached skill level 15 in Shields
 46424 | Vaults:5 | Found the +7 sceptre of Torment {pain, torment}
 46437 | Vaults:5 | Got Sif Muna's Directory of Metal and Convocation
 46447 | Vaults:5 | Got the Atlas of Bloody Conflict
 47050 | Depths:1 | Entered Level 1 of the Depths
 47125 | Depths:1 | Found Izuqeot's Jewellery Shoppe.
 47125 | Depths:1 | Found Ziaraddu's Book Boutique.
 47127 | Depths:1 | Found Vutopp Yqily's Jewellery Shoppe.
 47151 | Depths:1 | Bought an amulet of regeneration for 390 gold pieces
 47162 | Depths:1 | Bought the ring "Vadeam" {Fire Will+ Str-4 Dex+4} for 488
                  | gold pieces
 47166 | Depths:1 | Bought a ring of protection from fire for 475 gold pieces
 47359 | Depths:1 | Found Qup Gouluorr's Antique Weapon Boutique.
 47610 | Depths:1 | Found a one-way gateway to a ziggurat.
 47614 | Depths:1 | Paralysed by a floating eye for 3 turns
 47683 | Depths:1 | Gained mutation: Your spells are a little harder to cast,
                  | but a little more powerful. [a cacodemon]
 47692 | Depths:1 | Reached skill level 16 in Shields
 47909 | Depths:1 | Found a hazy altar of Hepliaklqana.
 48196 | Depths:1 | Found a gateway to Hell.
 48497 | Depths:2 | Found a one-way gate leading to the halls of Pandemonium.
 48536 | Depths:2 | Found a one-way gate to the infinite horrors of the Abyss.
 48538 | Depths:2 | Reached XP level 23. HP: 214/214 MP: 23/28
 48546 | Depths:2 | Found a flickering gateway to a bazaar.
 48556 | Bazaar   | Entered a bazaar
 48559 | Bazaar   | Found Iwnousk's Armour Shop.
 48589 | Bazaar   | Found Maritym's Antique Armour Boutique.
 48589 | Bazaar   | Found Eratut's Book Shop.
 48606 | Bazaar   | Bought a pitted cloak for 285 gold pieces
 48606 | Bazaar   | Identified the +0 cloak of the Pit {rC+ Regen+ Dex+3} (You
                  | bought it in a shop in a bazaar)
 48632 | Bazaar   | Found Huekim's Assorted Antiques.
 48638 | Bazaar   | Bought a potion of might for 132 gold pieces
 48638 | Bazaar   | Bought a scroll of enchant armour for 247 gold pieces
 48693 | Depths:2 | Reached skill level 17 in Shields
 48990 | Depths:2 | Found a runed translucent door.
 49408 | Depths:2 | Found a glowing golden altar of the Shining One.
 49575 | Depths:3 | Found a glowing golden altar of the Shining One.
 49582 | Depths:3 | Found Qavyrept's Hallowed Reliquary.
 49593 | Depths:3 | Bought a potion of curing for 57 gold pieces
 49593 | Depths:3 | Bought a potion of curing for 57 gold pieces
 49653 | Depths:3 | Reached skill level 18 in Shields
 49981 | Depths:3 | Noticed a caustic shrike
 49983 | Depths:3 | Identified the ring "Fuli" {rF+ rN+}
 49988 | Depths:3 | Killed a caustic shrike
 49997 | Depths:3 | Reached skill level 19 in Shields
 50034 | Depths:3 | Identified the +4 long sword "Worm" {holy, Will+ Dex+4}
 50385 | Depths:4 | Entered Level 4 of the Depths
 50564 | Depths:4 | Found Yzoebore's Antique Armour Boutique.
 50846 | Depths:4 | Reached skill level 20 in Shields
 51475 | Depths:4 | Found a gate to the Realm of Zot.
 51939 | Crypt:1  | Entered Level 1 of the Crypt
 51946 | Crypt:1  | Reached XP level 24. HP: 223/223 MP: 21/28
 52303 | Crypt:1  | Reached skill level 21 in Shields
 52777 | Crypt:2  | Found an ancient bone altar of Kikubaaqudgha.
 53212 | Crypt:2  | Noticed Frederick
 53236 | Crypt:2  | Killed Frederick
 53768 | Crypt:3  | Entered Level 3 of the Crypt
 53812 | Crypt:3  | Found a runed translucent gate.
 53812 | Crypt:3  | Found a runed translucent gate.
 53812 | Crypt:3  | Found a runed translucent gate.
 53813 | Crypt:3  | Noticed Dugafar's ghost (adept GrFi)
 53833 | Crypt:3  | Reached skill level 22 in Shields
 53836 | Crypt:3  | Killed Dugafar's ghost
 54002 | Crypt:3  | Found a basalt altar of Yredelemnul.
 54022 | Crypt:3  | Found an ancient bone altar of Kikubaaqudgha.
 54049 | Crypt:3  | Found the +2 Maxwell's thermic engine {flame, freeze}
 54049 | Crypt:3  | Found the +5 glaive of the Guard {elec, spectral, AC+5}
 54052 | Crypt:3  | Identified the ring of Free Will {Contam rN+ rCorr Stlth+}
 54052 | Crypt:3  | Identified the ring of the Hero {rF- rN+ Dex+3 Slay+5
                  | Stlth+}
 54052 | Crypt:3  | Identified the ring of Odesob {rF+ rN+ rCorr Dex+3}
 54058 | Crypt:3  | Got the Lessons on Last Rites
 54117 | Crypt:3  | Identified the amulet "Odecwac" {Faith +Blink Int+2}
 54126 | Crypt:3  | Identified the +10 sling of Fate {drain, Str+2 Dex+2}
 54222 | Crypt:3  | Found a staircase to the Tomb.
 54392 | Crypt:3  | Reached skill level 23 in Shields
 55316 | Zot:1    | Entered Level 1 of the Realm of Zot
 55351 | Zot:1    | Noticed an orb of fire
 55363 | Zot:1    | Gained mutation: You are occasionally teleported next to
                  | monsters. [an orb of fire]
 55366 | Zot:1    | Killed an orb of fire
 55385 | Zot:1    | Identified the +10 dagger of the Final Ships {drain, rC+}
 55503 | Zot:1    | Noticed ragingrage's ghost (legendary DjAE)
 55506 | Zot:1    | Found a runed translucent door.
 55547 | Zot:1    | You fall into a shaft and drop 1 floor!
 55601 | Zot:1    | Reached XP level 25. HP: 223/223 MP: 28/28
 55841 | Zot:1    | Lost mutation: You are occasionally teleported next to
                  | monsters. [potion of mutation]
 55841 | Zot:1    | Lost mutation: Your spells are a little harder to cast, but
                  | a little more powerful. [potion of mutation]
 55841 | Zot:1    | Gained mutation: You are occasionally teleported next to
                  | monsters. [potion of mutation]
 55841 | Zot:1    | Gained mutation: You are often teleported next to monsters.
                  | [potion of mutation]
 55842 | Zot:1    | Lost mutation: You are often teleported next to monsters.
                  | [potion of mutation]
 55842 | Zot:1    | Lost mutation: You are occasionally teleported next to
                  | monsters. [potion of mutation]
 55842 | Zot:1    | Gained mutation: Armour fits poorly on your strangely
                  | shaped body. [potion of mutation]
 55842 | Zot:1    | Gained mutation: You sometimes lose your temper in combat.
                  | [potion of mutation]
 55843 | Zot:1    | Lost mutation: You sometimes lose your temper in combat.
                  | [potion of mutation]
 55843 | Zot:1    | Lost mutation: Armour fits poorly on your strangely shaped
                  | body. [potion of mutation]
 55843 | Zot:1    | Gained mutation: Your spells are a little easier to cast,
                  | but a little less powerful. [potion of mutation]
 55843 | Zot:1    | Gained mutation: You have a pair of small horns on your
                  | head. [potion of mutation]
 55844 | Zot:1    | Lost mutation: Your spells are a little easier to cast, but
                  | a little less powerful. [potion of mutation]
 55844 | Zot:1    | Lost mutation: You have a pair of small horns on your head.
                  | [potion of mutation]
 55844 | Zot:1    | Gained mutation: You are clumsy. (Dex -2) [potion of
                  | mutation]
 55844 | Zot:1    | Gained mutation: A frigid envelope surrounds you and
                  | freezes all who hurt you. [potion of mutation]
 55844 | Zot:1    | Gained mutation: You occasionally lose the ability to drink
                  | potions when taking damage. [potion of mutation]
 55844 | Zot:1    | Lost mutation: You are clumsy. (Dex -2) [potion of
                  | mutation]
 55845 | Zot:1    | Lost mutation: You occasionally lose the ability to drink
                  | potions when taking damage. [potion of mutation]
 55845 | Zot:1    | Lost mutation: A frigid envelope surrounds you and freezes
                  | all who hurt you. [potion of mutation]
 55845 | Zot:1    | Gained mutation: You are weak. (Str -2) [potion of
                  | mutation]
 55845 | Zot:1    | Gained mutation: Armour fits poorly on your strangely
                  | shaped body. [potion of mutation]
 55845 | Zot:1    | Gained mutation: You occasionally shout uncontrollably at
                  | your foes. [potion of mutation]
 55846 | Zot:1    | Lost mutation: You occasionally shout uncontrollably at
                  | your foes. [potion of mutation]
 55846 | Zot:1    | Lost mutation: You are weak. (Str -2) [potion of mutation]
 55846 | Zot:1    | Gained mutation: Your system is resistant to poisons.
                  | (rPois) [potion of mutation]
 55890 | Zot:2    | Identified the +5 battleaxe "Lochitt" {drain, *Corrode
                  | rPois rC+++ Will++ Stlth-}
 56217 | Zot:2    | Reached skill level 24 in Shields
 56292 | Zot:2    | Identified the +10 halberd of the Spectre {drain, Will++
                  | rCorr}
 57551 | Zot:3    | Reached skill level 25 in Shields
 59283 | Zot:4    | Identified the +2 robe "Meocaq" {Will+}
 59580 | Zot:5    | Entered Level 5 of the Realm of Zot
 59585 | Zot:5    | Found an ornate altar of the Wu Jian Council.
 59823 | Zot:5    | Reached skill level 26 in Shields
 60100 | Zot:5    | Noticed an orb of fire
 60102 | Zot:5    | Killed an orb of fire
 60111 | Zot:5    | Noticed an orb of fire
 60111 | Zot:5    | Noticed an orb of fire
 60111 | Zot:5    | Noticed a dread lich
 60117 | Zot:5    | Killed an orb of fire
 60117 | Zot:5    | Killed an orb of fire
 60117 | Zot:5    | Noticed an orb of fire
 60118 | Zot:5    | Reached XP level 26. HP: 208/239 MP: 26/28
 60118 | Zot:5    | Killed a dread lich
 60118 | Zot:5    | Noticed an orb of fire
 60119 | Zot:5    | Noticed an orb of fire
 60120 | Zot:5    | Noticed an orb of fire
 60120 | Zot:5    | Noticed an orb of fire
 60122 | Zot:5    | Killed an orb of fire
 60122 | Zot:5    | Killed an orb of fire
 60123 | Zot:5    | Killed an orb of fire
 60123 | Zot:5    | Noticed an orb of fire
 60124 | Zot:5    | Noticed an orb of fire
 60127 | Zot:5    | HP: 15/310 [orb of fire/fireball (12)]
 60129 | Zot:5    | Gained mutation: You are clumsy. (Dex -2) [an orb of fire]
 60324 | Zot:5    | Noticed a dread lich
 60333 | Zot:5    | Paralysed by a dread lich for 2 turns
 60334 | Zot:5    | Noticed an orb of fire
 60336 | Zot:5    | Killed a dread lich
 60337 | Zot:5    | Reached skill level 27 in Shields
 60348 | Zot:5    | Noticed an orb of fire
 60364 | Zot:4    | Gained mutation: Your body sometimes deteriorates upon
                  | taking damage. [an orb of fire]
 60369 | Zot:4    | Killed an orb of fire
 60441 | Zot:5    | Gained mutation: Your magical capacity is low. (-10% MP)
                  | [an orb of fire]
 60443 | Zot:4    | Killed an orb of fire
 60487 | Zot:4    | Killed an orb of fire
 60576 | Zot:5    | Gained mutation: You sometimes lose your temper in combat.
                  | [an orb of fire]
 60585 | Zot:4    | Killed an orb of fire
 60619 | Zot:5    | Killed an orb of fire
 60974 | Zot:4    | Lost mutation: You are clumsy. (Dex -2) [potion of
                  | mutation]
 60974 | Zot:4    | Lost mutation: You sometimes lose your temper in combat.
                  | [potion of mutation]
 60974 | Zot:4    | Lost mutation: Your body sometimes deteriorates upon taking
                  | damage. [potion of mutation]
 60974 | Zot:4    | Gained mutation: You are resistant to electric shocks.
                  | (rElec) [potion of mutation]
 60974 | Zot:4    | Gained mutation: Your body sometimes deteriorates upon
                  | taking damage. [potion of mutation]
 60974 | Zot:4    | Gained mutation: You occasionally lose the ability to drink
                  | potions when taking damage. [potion of mutation]
 60975 | Zot:4    | Lost mutation: Your system is resistant to poisons. (rPois)
                  | [potion of mutation]
 60975 | Zot:4    | Lost mutation: Armour fits poorly on your strangely shaped
                  | body. [potion of mutation]
 60975 | Zot:4    | Lost mutation: Your magical capacity is low. (-10% MP)
                  | [potion of mutation]
 60975 | Zot:4    | Gained mutation: You are dopey. (Int -2) [potion of
                  | mutation]
 60976 | Zot:4    | Lost mutation: Your body sometimes deteriorates upon taking
                  | damage. [potion of mutation]
 60976 | Zot:4    | Lost mutation: You are resistant to electric shocks.
                  | (rElec) [potion of mutation]
 60976 | Zot:4    | Gained mutation: You have large cloven feet. [potion of
                  | mutation]
 60976 | Zot:4    | Gained mutation: You are strong-willed. (Will+) [potion of
                  | mutation]
 60976 | Zot:4    | Lost mutation: You are dopey. (Int -2) [potion of mutation]
 61026 | Zot:5    | Killed an orb of fire
 61203 | Zot:5    | Noticed an orb of fire
 61209 | Zot:5    | Killed an orb of fire
 61223 | Zot:5    | Noticed an ancient lich
 61224 | Zot:5    | Noticed a dread lich
 61226 | Zot:5    | Killed an ancient lich
 61228 | Zot:5    | Killed a dread lich
 61676 | Zot:5    | Got the Orb of Zot
 61751 | Zot:4    | Noticed Zubrodab the pandemonium lord
 61768 | Zot:3    | Killed Zubrodab the pandemonium lord
 61772 | Zot:3    | Noticed Tuipupt the pandemonium lord
 61777 | Zot:3    | Killed Tuipupt the pandemonium lord
 61848 | Depths:4 | Noticed Bomusug the pandemonium lord
 61850 | Depths:4 | Killed Bomusug the pandemonium lord
 62202 | D:5      | Reached skill level 15 in Fighting
 62216 | D:5      | Noticed Finid the pandemonium lord
 62229 | D:5      | Killed Finid the pandemonium lord
 62310 | D:$      | Escaped with the Orb!

Illustrated notes

Levels and vault maps discovered:
D:1:      giann_wishing_wells, layout_basic
D:2:      layout_rooms, shapermc_ecumenical_altar_gd, kennysheep_generic_room_9
D:3:      layout_basic, tso_oasis_becter,
          mainiacjoe_overflow_concentric_impassable, uniq_jessica
D:4:      layout_loops_cross, mainiacjoe_overflow_brackets, kennysheep_mini,
          minmay_temple_entry_mini_moons, kennysheep_generic_room_12, uniq_ijyb,
          uniq_grinder, uniq_menkaure, uniq_crazy_yiuf_cottage
D:5:      layout_gridville, nicolae_dithmenos_shadow_blocks
D:6:      layout_layer_cave, dilly_guarded_unrand_morg, uniq_maggie
D:7:      layout_basic, okawaru_trees_1, nemelex_diamond_rough_becter,
          dk_noncrumbling_3, st_stairs_14, hangedman_decor_slide_cut
D:8:      layout_loops_ring, grunt_lair_entry_orc_guard_hut, serial_demonic,
          serial_demonic_a, serial_demonic_b, serial_demonic_g, serial_demonic_a
D:9:      layout_small_grid, mainiacjoe_overflow_chevrons
D:10:     layout_small_grid, mainiacjoe_overflow_catwalk,
          nicolae_overflow_hidden_temple, orc_0_dummy, serial_glass,
          glass_columns_a, glass_columns_b, feat_on_display, item_on_display_a,
          item_on_display_a, lightli_elemental_guards
D:11:     layout_cave_pools, gammafunk_ghost_ooze, uniq_josephine
D:12:     layout_roguey, special_room [special_room_bee], uniq_fannar,
          uniq_azrael
D:13:     layout_irregular_city, serial_shops, shop, enter_trove_3,
          minmay_misc_feat_enclosed
D:14:     layout_loops_ring, grunt_vaults_entry_fortified, moated_statue
D:15:     hangedman_depths_entry_try_elsewhere_first, layout_basic,
          hangedman_abyss_or_decor_lesser_grid, uniq_jorgrun, uniq_kirke
Temple:   bh_familiar_temple
Lair:1:   layout_roguey, basic_altar, infiniplex_staircase_pool,
          lemuel_fruit_tree
Lair:2:   layout_cave_pods, minmay_swamp_entry_eels, grunt_megastairs_2,
          serial_bayou_shore_a
Lair:3:   gammafunk_indiana_jones, layout_chaotic_city,
          guppyfry_snake_entry_garden, uniq_prince_ribbit2
Lair:4:   layout_concentric_octagons, serial_bayou_pond_a, grunt_megastairs_3
Lair:5:   hangedman_lair_in_review, layout_regular_city, slime_entry_1
Swamp:1:  layout_basic_swamp, evilmike_swamp_ruin_house_4, uniq_donald
Swamp:2:  layout_basic_swamp, evilmike_swamp_ruin_house_2
Swamp:3:  layout_basic_swamp, evilmike_swamp_ruin_house_6, swamp_pool2,
          uniq_nikola
Swamp:4:  swamp_pestilence, layout_basic_swamp, swamp_pool1,
          nicolae_swamp_drake_lake, uniq_aizul
Snake:1:  layout_rooms, uniq_frances
Snake:2:  layout_basic, guppyfry_library_mini
Snake:3:  layout_chambers, uniq_louise, uniq_vashnia, uniq_roxanne
Snake:4:  grunt_snake_rune_pools, layout_concentric_octagons,
          nicolae_snake_gridmaze_tees
Orc:1:    layout_diamond_mine
Orc:2:    st_orc_rangers, layout_diamond_mine,
          gammafunk_ghost_berserking_beasts, serial_shops,
          nicolae_shop_bloodbath_and_beyond, shop
Elf:1:    eino_elf_arrival_altar, layout_loops_corners, hangedman_elf_represent,
          dreamdust_deal_with_the_devil
Elf:2:    nicolae_elf_blades_splatter_lattice [nicolae_blade_lattice],
          layout_loops_cross, serial_shops, nicolae_take_the_stairs,
          minmay_elf_demonology
Elf:3:    nooodl_elf_gasket, layout_onion_city, minivault_5, uniq_asterion
Vaults:1: nicolae_vaults_ninety_degrees, v_misc_15, v_misc_19,
          vaults_mumra_minichess_inversion, hangedman_vaults_slice,
          hangedman_vaults_corner_blocks, nicolae_vaults_hallways_thing,
          hangedman_vaults_maws, v_misc_23, ontoclasm_vaults_decontamination,
          nicolae_vaults_little_ls, layout_vaults_omnicross
Vaults:2: v_misc_29, nicolae_vaults_shelves_hall, v_pattern_4,
          vaults_mumra_chevron_long, v_misc_11, vaults_room_stairs_pillars,
          vaults_mumra_hexcomb, hangedman_vaults_stream,
          vaults_room_grunt_arrival_checkpoint, vaults_room_pools,
          vaults_room_semicircle, layout_vaults_omnigrid
Vaults:3: nicolae_vaults_what_the_h, ontoclasm_vaults_loading_screen,
          v_alt_pattern_3, ontoclasm_vaults_idyll, v_pattern_2,
          minmay_crypt_entry_simple_corners, nicolae_vaults_alarming,
          v_alt_pattern_2, vaults_dpeg_encased_lava, vaults_dpeg_emergency_exit,
          layout_vaults_big_room
Vaults:4: ontoclasm_vaults_gateway, hangedman_vaults_nodes, v_misc_22,
          nicolae_vaults_inception_scallops, nicolae_vaults_little_squares_5,
          hangedman_vaults_slice, hangedman_vaults_stagger, vaults_mumra_lcd,
          hangedman_vaults_variations, nicolae_vaults_yaktaur_gun_rack,
          nicolae_vaults_gold_heap, vaults_dpeg_hooks, vaults_room_semicircle,
          layout_vaults_maze_snakey
Vaults:5: serial_shops, uniq_margery
Crypt:1:  layout_regular_city
Crypt:2:  layout_gridlike, basic_altar, nicolae_crypt_twisting_catacombs,
          nicolae_crypt_soggy_tomb, roderic_lattice_octagonal_star,
          uniq_frederick
Crypt:3:  lightli_unholy_cathedral, layout_chaotic_city,
          tomb_entry_forgotten_bobbens, gammafunk_ghost_spectres,
          minicrypt_bobbens
Depths:1: layout_roguey, enter_ziggurat_c, serial_shops, kennysheep_little_box,
          minivault_11, grunt_hell_entry_demonic_statue, minivault_10,
          worldfamousw_hep_ancestral_shrine, minmay_shop_grove
Depths:2: abrahamwl_protected_by_tso_2, layout_small_grid,
          hangedman_abyss_entry_splay, serial_shops, bzr_entry_lakeside,
          minmay_stone_trees_medium, rand_demon_pan_entry_9, hell_entry,
          lightli_gold_pyramid, infiniplex_staircase_pillars_1, uniq_josephina
Depths:3: minmay_the_grid_square_5x5_3x3
          [minmay_the_grid_square_5x5_broken_cross,
          minmay_the_grid_square_5x5_corner,
          minmay_the_grid_square_5x5_minivault,
          minmay_the_grid_square_5x5_minibox,
          minmay_the_grid_square_5x5_megaprize_open,
          minmay_the_grid_square_5x5_z, minmay_the_grid_square_5x5_two_walls_a,
          minmay_the_grid_square_5x5_tie, minmay_the_grid_square_5x5_checkered],
          layout_cave_pools, abyss_entry, pan_entry, hellmouth_1,
          nicolae_good_shop
Depths:4: grunt_zot_entry_gee_three, layout_cave_shapes, serial_shops, shop,
          minmay_misc_feat_four_crosses, hell_entry
Zot:1:    dreamdust_black_sun_cult, layout_onion_interference,
          hellmonk_ghost_happy_afterlife
Zot:2:    layout_concentric_octagons, grunt_ministairs_10
Zot:3:    layout_cathedral_of_symmetry
Zot:4:    kennysheep_blocky_hall, layout_twisted_circle
Zot:5:    layout_concentric_octagons, basic_altar, lemuel_baited_zot_trap

Skill      XL: |  1  2  3  4  5  6  7  8  9 10 11 12 13 14 15 16 17 18 19 20 21 22 23 24 25 26 |
---------------+-------------------------------------------------------------------------------+-----
Unarmed Combat | 1 2 3 5 7 9 11 13 14 16 18 20 23 26 | 26.9
Fighting       | 1 2 3 4 5 6 7 9 10 15 | 15.2
Shields        | 3 5 7 9 12 13 16 20 23 26 27 | 27.0
Transmutations | 4 8 10 12 13 | 13.8
Earth Magic    | 8 13 15 17 18 | 18.4
Spellcasting   | 4 |  4.0
Dodging        | |  1.5
Stealth        | |  1.0
Poison Magic   | |  2.2

Action                   |  1- 3 |  4- 6 |  7- 9 | 10-12 | 13-15 | 16-18 | 19-21 | 22-24 | 25-27 || total
-------------------------+-------+-------+-------+-------+-------+-------+-------+-------+-------++-------
Melee: Unarmed           |   116 |   128 |   244 |   668 |  1543 |  1470 |  1059 |  1421 |   843 ||  7492
       Punch             |       |     2 |    16 |       |       |       |       |       |       ||    18
       Kick              |       |       |       |       |       |       |       |       |    88 ||    88
Throw: Dart              |     3 |     4 |     2 |     3 |       |     2 |     1 |       |       ||    15
       Throwing net      |       |       |       |       |       |     1 |       |       |       ||     1
 Cast: Statue Form       |       |       |       |       |       |    61 |    78 |    98 |    77 ||   314
       Wereblood         |       |       |       |       |       |    16 |    45 |    42 |    14 ||   117
Invok: Lunge             |       |     5 |    38 |    54 |   117 |   157 |    98 |   108 |    59 ||   636
       Whirlwind         |       |       |    11 |   135 |   399 |   354 |   421 |   448 |   238 ||  2006
       Serpent's Lash    |       |       |       |     5 |    28 |    35 |    11 |    16 |    23 ||   118
       Heavenly Storm    |       |       |       |       |     1 |     1 |     2 |       |     2 ||     6
 Abil: End Transformatio |       |       |       |       |       |       |       |       |     1 ||     1
Evoke: Wand              |       |       |     3 |    22 |    29 |    17 |       |     2 |     1 ||    74
       Phantom mirror    |       |       |       |       |       |     1 |       |       |       ||     1
  Use: Scroll            |     4 |     2 |     6 |    11 |    14 |    14 |     5 |     5 |    24 ||    85
       Potion            |       |     1 |       |     1 |     8 |    17 |     5 |     3 |    13 ||    48
 Stab: Sleeping          |     3 |     2 |       |       |       |       |     1 |     2 |       ||     8
       Invisible         |       |       |       |       |     7 |     6 |       |       |       ||    13
       Held in net/web   |       |       |       |       |       |     1 |       |       |       ||     1
       Distracted        |       |       |       |       |       |     1 |       |     3 |     1 ||     5
Armor: Robe              |    28 |    25 |    26 |       |       |       |       |     2 |     5 ||    86
       Acid dragon scale |       |       |     9 |   138 |   197 |    19 |       |       |       ||   363
       Swamp dragon scal |       |       |       |       |       |   173 |       |       |       ||   173
       Skin              |       |       |       |       |       |   203 |   339 |   503 |   212 ||  1257
Dodge: Dodged            |    67 |    79 |    91 |   268 |   440 |   464 |   394 |   361 |   159 ||  2323
Block: Kite shield       |       |       |       |   208 |   568 |   656 |   572 |    78 |       ||  2082
       Reflection        |       |       |       |       |       |    73 |    61 |    19 |    10 ||   163
       Tower shield      |       |       |       |       |       |       |       |   989 |   576 ||  1565

Table legend: (Time is in decaauts)
 A = Elapsed time spent in this place.
 B = Non-inter-level travel time spent in this place.
 C = Inter-level travel time spent in this place.
 D = Time resting spent in this place.
 E = Time spent auto-exploring this place.
 F = Levels seen in this place.
 G = Mean time per level.
                   A        B        C        D        E       F      G
               +--------+--------+--------+--------+--------+-----+--------+
         Total |  68102 |  61817 |   6285 |   9172 |  36441 |  54 | 1261.1 |
       Dungeon |  15834 |  13547 |   2287 |   1535 |   8634 |  15 | 1055.6 |
        Temple |    192 |    172 |     20 |      0 |    168 |   1 |  192.0 |
          Lair |   6470 |   5624 |    846 |    796 |   3364 |   5 | 1294.0 |
         Swamp |   4989 |   4740 |    249 |   2065 |   1404 |   4 | 1247.2 |
     Snake Pit |   6172 |   5741 |    431 |    430 |   3897 |   4 | 1543.0 |
  Orcish Mines |   1766 |   1405 |    361 |    202 |    783 |   2 |  883.0 |
   Elven Halls |   5043 |   4726 |    317 |    527 |   2561 |   3 | 1681.0 |
        Vaults |   9524 |   8571 |    953 |    948 |   5802 |   5 | 1904.8 |
         Crypt |   3837 |   3718 |    119 |    151 |   2637 |   3 | 1279.0 |
        Depths |   5794 |   5436 |    358 |    545 |   3547 |   4 | 1448.5 |
           Zot |   7773 |   7434 |    339 |   1970 |   3400 |   5 | 1554.6 |
         Abyss |    501 |    501 |      0 |      0 |    140 |   1 |  501.0 |
        Bazaar |    119 |    119 |      0 |      0 |    102 |   1 |  119.0 |
         Trove |     83 |     83 |      0 |      0 |      0 |   1 |   83.0 |
               +--------+--------+--------+--------+--------+-----+--------+

Top non-repeatable levels by time:
Vaults:1: 2274 daAuts
 Snake:4: 2197 daAuts
 Swamp:4: 2166 daAuts
   Zot:4: 2010 daAuts
   Zot:5: 1990 daAuts
Vaults:5: 1951 daAuts
  Lair:2: 1926 daAuts
Vaults:4: 1891 daAuts
Vaults:2: 1890 daAuts
 Snake:3: 1885 daAuts
   Elf:3: 1878 daAuts
   Elf:1: 1856 daAuts
Depths:1: 1756 daAuts
   Zot:3: 1672 daAuts
Depths:4: 1649 daAuts
